Map: [ESL] Oceanborn

Players

Astrea

  • Race: Protoss Protoss
  • Spawn Location: 5:00

SHIN - Winner!

  • Race: Zerg Zerg
  • Spawn Location: 11:00

Event: ESL Spring 2024 Finals

VOD

Have the link to the VOD?

Description

Time

  • Played on: May 31, 2024, 1:37 p.m.
  • Length: 13:31

All games in this series

Show
View Real Time Build Order
Export as new Build Order

Astrea Protoss 

Build Orders: 1 Gate Expand, Oracle Opening 

Get SALT Encoding   

  12  0:00  Probe  
  13  0:12  Probe  
  14  0:17  Pylon  
  14  0:24  Probe (Chrono Boost)  
  15  0:36  Probe (Chrono Boost)  
  15  0:38  Gateway  
  16  0:44  Probe (Chrono Boost)  
  16  0:47  Assimilator  
  17  0:51  Probe  
  18  1:03  Probe  
  19  1:15  Probe  
  20  1:25  Nexus  
  20  1:29  Probe  
  21  1:37  Cybernetics Core  
  21  1:43  Assimilator  
  21  1:45  Probe  
  22  1:54  Pylon  
  22  1:57  Probe  
  23  2:10  Adept (Chrono Boost)  
  23  2:12  Probe (Chrono Boost)  
  23  2:13  Warp Gate  
  26  2:24  Probe (Chrono Boost)  
  26  2:28  Stargate  
  27  2:31  Probe (Chrono Boost)  
  27  2:33  Adept (Chrono Boost)  
  30  2:37  Probe  
  30  2:38  Probe  
  32  2:49  Probe  
  32  2:50  Probe  
  36  3:01  Probe  
  36  3:02  Probe  
  36  3:09  Nexus  
  36  3:13  Probe  
  36  3:14  Oracle (Chrono Boost)  
  40  3:20  Probe  
  40  3:26  Pylon  
  40  3:27  Probe  
  42  3:32  Probe  
  42  3:33  Gateway  
  43  3:39  Assimilator, Probe  
  44  3:44  Probe  
  44  3:48  Oracle (Chrono Boost)  
  45  3:51  Probe  
  45  3:54  Pylon  
  49  3:56  Probe  
  49  4:00  Adept  
  50  4:03  Probe  
  50  4:08  Probe  
  52  4:11  Twilight Council  
  52  4:15  Probe  
  53  4:22  Nexus, Probe  
  54  4:27  Shield Battery  
  54  4:28  Probe  
  55  4:31  Stalker  
  55  4:32  Stalker  
  55  4:36  Gateway  
  55  4:38  Gateway, Probe  
  60  4:40  Blink (Chrono Boost)  
  60  4:41  Probe  
  61  4:50  Probe  
  61  4:51  Forge  
  62  4:54  Assimilator  
  62  5:01  Pylon  
  62  5:18  Pylon  
  62  5:19  Probe x2  
  62  5:21  Pylon  
  64  5:22  Stalker x2, Protoss Ground Weapons Level 1 (Chrono Boost)  
  68  5:31  Probe x2  
  68  5:34  Oracle (Chrono Boost)  
  68  5:35  Probe  
  74  5:36  Stalker  
  74  5:37  Stalker  
  78  5:43  Probe x2  
  78  5:47  Probe  
  81  5:55  Probe x2  
  81  5:56  Stalker x2  
  87  5:59  Pylon, Probe  
  88  6:06  Assimilator x2  
  88  6:07  Probe x2  
  88  6:11  Probe  
  91  6:20  Probe x2  
  91  6:21  Charge  
  91  6:22  Templar Archives  
  91  6:23  Probe  
  94  6:27  Gateway  
  94  6:28  Gateway  
  94  6:30  Gateway  
  94  6:31  Gateway  
  94  6:32  Probe  
  91  6:39  Zealot x2  
  95  6:41  Stalker x2  
  95  6:42  Psionic Storm  
  99  7:04  High Templar x3  
  101  7:10  Photon Cannon  
  101  7:12  Robotics Facility  
  101  7:13  Pylon  
  101  7:14  Pylon, Photon Cannon  
  101  7:16  Shield Battery, Protoss Ground Weapons Level 2 (Chrono Boost)  
  101  7:17  Probe  
  102  7:29  Pylon  
  102  7:31  Photon Cannon  
  102  7:32  High Templar  
  104  7:40  Probe x2  
  104  7:43  Phoenix  
  108  7:49  Nexus  
  108  7:50  Stalker x4  
  108  7:51  Stalker  
  118  7:52  Probe  
  118  7:58  Pylon x2  
  118  8:12  Nexus  
  117  8:16  Stalker x7, Pylon x2  
  127  8:33  Observer (Chrono Boost)  
  128  8:43  Archon x2  
  128  8:47  Stalker x6  
  128  8:48  Stalker  
  142  8:54  Probe  
  142  9:06  Nexus  
  142  9:11  Pylon  
  140  9:40  High Templar x3  
  142  9:47  Pylon  
  142  9:49  Nexus  
  140  10:03  High Templar  
  142  10:14  Zealot x4  
  142  10:15  Zealot x3  
  156  10:30  Nexus  
  149  10:36  Observer (Chrono Boost), Nexus  
  150  10:45  High Templar x2  
  154  10:51  Immortal (Chrono Boost)  
  158  10:59  Photon Cannon  
  158  11:00  Shield Battery  
  158  11:01  Robotics Facility  
  158  11:23  Immortal (Chrono Boost)  
  140  11:43  Archon  
  140  11:44  High Templar  
  135  11:51  Nexus, Immortal (Chrono Boost)  
  139  11:56  Immortal (Chrono Boost)  
  141  12:23  Immortal  
  141  12:26  Zealot  
  141  12:27  Zealot x7  
  137  12:50  Zealot x6  
  112  13:12  Zealot x6  
Show
View Real Time Build Order
Export as new Build Order

SHIN Zerg - Winner!

Build Orders: Hatch First, Lurkers, Swarm Host 

Get SALT Encoding   

  12  0:00  Drone  
  13  0:12  Overlord  
  13  0:17  Drone  
  14  0:31  Drone  
  15  0:44  Hatchery  
  15  0:48  Drone  
  15  0:52  Drone  
  15  0:55  Drone  
  17  0:59  Drone  
  18  1:09  Extractor  
  17  1:15  Spawning Pool  
  16  1:19  Drone  
  16  1:23  Drone  
  18  1:31  Drone  
  19  1:42  Drone  
  20  1:53  Drone  
  21  2:02  Zergling x2, Queen x2  
  21  2:04  Zergling x2  
  27  2:11  Overlord  
  27  2:16  Drone  
  27  2:20  Metabolic Boost  
  28  2:30  Drone x3  
  31  2:39  Hatchery  
  31  2:41  Drone  
  31  2:42  Drone  
  32  2:49  Queen  
  34  2:53  Overlord  
  34  2:58  Zergling x4  
  36  3:11  Queen  
  39  3:12  Zergling x2  
  39  3:13  Zergling x6  
  39  3:14  Zergling x2  
  39  3:17  Drone  
  44  3:22  Overlord  
  44  3:28  Overlord  
  44  3:40  Drone x2, Queen  
  48  3:42  Drone x2  
  48  3:43  Drone x2  
  48  3:47  Drone  
  52  3:51  Drone  
  53  3:55  Drone x2  
  53  3:56  Drone  
  53  3:57  Drone x2  
  53  4:02  Drone  
  57  4:05  Drone  
  57  4:09  Drone  
  59  4:13  Drone, Queen  
  60  4:19  Spore Crawler  
  60  4:20  Spore Crawler  
  60  4:21  Spore Crawler  
  60  4:23  Drone x2  
  59  4:30  Zergling x6  
  62  4:33  Zergling x6  
  62  4:34  Overlord  
  62  4:38  Drone, Extractor  
  64  4:41  Drone  
  64  4:43  Drone  
  64  4:44  Drone  
  64  4:45  Overlord  
  65  4:49  Overlord x3  
  65  4:52  Overlord  
  63  4:53  Drone  
  63  4:55  Drone  
  63  4:59  Roach Warren  
  64  5:02  Overlord  
  64  5:04  Drone  
  64  5:05  Drone  
  66  5:08  Drone x2  
  66  5:09  Drone  
  66  5:10  Drone  
  66  5:14  Drone  
  68  5:16  Lair  
  68  5:18  Drone  
  68  5:19  Drone  
  70  5:23  Drone x3  
  70  5:26  Drone x2  
  75  5:29  Extractor x2  
  75  5:30  Drone  
  75  5:31  Drone, Extractor  
  75  5:32  Extractor  
  75  5:34  Drone x2  
  75  5:37  Drone x2  
  75  5:38  Drone  
  78  5:42  Evolution Chamber  
  78  5:43  Drone  
  78  5:46  Drone  
  78  5:49  Drone x4  
  83  5:50  Drone x3  
  86  6:00  Zergling x4  
  88  6:06  Hatchery, Roach x3  
  88  6:08  Zergling x4  
  95  6:12  Zerg Missile Weapons Level 1  
  95  6:13  Overlord  
  95  6:15  Zergling x2  
  95  6:16  Glial Reconstitution  
  96  6:19  Drone, Infestation Pit  
  96  6:20  Overseer  
  96  6:23  Zergling x2, Roach  
  98  6:27  Zergling x4, Roach  
  98  6:30  Overlord  
  98  6:32  Zergling x6  
  105  6:34  Overlord  
  105  6:36  Overlord  
  105  6:38  Overlord  
  105  6:42  Overlord x2  
  105  6:47  Overlord  
  105  6:53  Nydus Network  
  101  7:04  Swarm Host x7  
  117  7:09  Swarm Host  
  117  7:14  Swarm Host x3  
  129  7:18  Roach x3  
  129  7:21  Overlord  
  135  7:23  Roach x2  
  135  7:26  Roach x2  
  143  7:31  Roach x3  
  143  7:34  Nydus Canal  
  143  7:35  Roach  
  143  7:36  Roach  
  153  7:39  Roach  
  153  7:40  Roach  
  153  7:43  Roach x3  
  163  7:46  Overlord  
  163  7:49  Overlord  
  163  7:51  Roach x2  
  162  7:57  Roach x4  
  167  8:02  Roach x3  
  167  8:04  Nydus Canal  
  167  8:05  Ravager  
  174  8:06  Drone x3  
  174  8:09  Drone  
  174  8:10  Drone  
  179  8:14  Hydralisk Den  
  179  8:15  Roach x2  
  179  8:20  Zergling x6, Roach  
  179  8:22  Roach  
  178  8:27  Nydus Canal  
  178  8:28  Zergling x2, Roach  
  178  8:32  Zergling x4, Roach  
  183  8:47  Zergling x20, Roach  
  189  8:51  Roach  
  189  8:54  Zergling x16, Roach  
  190  8:57  Grooved Spines  
  190  9:00  Lurker Den, Roach  
  190  9:01  Roach  
  190  9:02  Nydus Canal  
  185  9:05  Roach x2  
  185  9:09  Roach x2  
  186  9:18  Nydus Canal  
  186  9:20  Zergling x10, Roach  
  191  9:25  Ravager  
  191  9:26  Ravager x2  
  188  9:33  Zergling x4, Roach  
  190  9:42  Nydus Canal  
  190  9:46  Drone x2  
  190  9:47  Hive, Extractor  
  190  9:48  Muscular Augments  
  190  9:49  Extractor  
  190  9:50  Zerg Missile Weapons Level 2  
  190  9:51  Overlord x2  
  190  9:53  Overlord  
  188  10:00  Nydus Canal  
  188  10:02  Overlord  
  188  10:05  Drone x3  
  191  10:07  Roach  
  187  10:17  Nydus Canal  
  179  10:24  Hydralisk  
  179  10:25  Hydralisk x8  
  191  10:33  Nydus Canal  
  191  10:38  Spore Crawler, Hydralisk x3  
  191  10:39  Spine Crawler  
  191  10:41  Spine Crawler  
  194  10:48  Nydus Canal  
  194  10:54  Lurker x2  
  194  10:55  Lurker  
  196  11:02  Nydus Canal  
  196  11:04  Lurker  
  196  11:11  Seismic Spines  
  193  11:21  Hydralisk x4  
  199  11:28  Nydus Canal  
  156  11:40  Lurker x3  
  156  11:46  Roach x8  
  150  11:47  Zergling x44, Roach  
  150  11:48  Zergling x24  
  150  11:51  Roach x2  
  190  11:57  Hydralisk  
  190  11:58  Roach x2  
  196  12:02  Lurker  
  196  12:08  Adaptive Talons  
  197  12:09  Hydralisk  
  199  12:18  Nydus Canal  
  196  12:34  Nydus Canal  
  196  12:35  Hydralisk x6  
  197  12:37  Hydralisk  
  197  12:39  Hydralisk  
  197  12:42  Hydralisk  
  197  12:43  Hydralisk  
  181  12:46  Hydralisk  
  181  12:48  Hydralisk  
  181  12:51  Hydralisk  
  182  12:52  Drone  
  182  12:53  Hydralisk  
  182  12:55  Drone x2  
  182  12:57  Roach x2  
  188  12:59  Roach  
  188  13:01  Roach  
  188  13:05  Lurker, Hydralisk  
  185  13:07  Roach  
  185  13:09  Roach  
  185  13:11  Roach  
  193  13:19  Lurker  
Tags
 
Add a new tag
Caveats
  • Supply blocks, unpowered buildings, or Contaminate may cause inaccurate times.
  • Supply counts are checked every 10 seconds.